 Dungeon Crawl Stone Soup version 0.19.4-10-g532645f (webtiles) character file.

3304 Kosschaser the Grappler (level 9, -6/84 HPs)
             Began as a Troll Monk on Feb 25, 2017.
             Was a Priest of Nemelex Xobeh.
             Killed by static electricity
             ... invoked by an insubstantial wisp
             ... summoned by the player character
              (8 damage)
             ... on level 7 of the Dungeon on Feb 26, 2017.
             The game lasted 00:20:15 (4875 turns).

Kosschaser the Grappler (Troll Monk)                Turns: 4875, Time: 00:20:17

Health: -6/84      AC:  7    Str: 24    XL:     9   Next: 70%
Magic:  8/8        EV: 12    Int:  6    God:    Nemelex Xobeh [***...]
Gold:   400        SH:  0    Dex: 12    Spells: 1 memorised, 7 levels left

rFire  . . .     SeeInvis .       - Unarmed
rCold  . . .     Gourm    +     H - +2 robe
rNeg   . . .     Faith    .     (no shield)
rPois  +         Spirit   .     (helmet restricted)
rElec  .         Reflect  .     (no cloak)
rCorr  .         Harm     .     (gloves unavailable)
MR     .....                    (boots unavailable)
Stlth  ++........               D - amulet of rage
                                (no ring)
                                p - ring of poison resistance

@: no status effects
A: unfitting armour, claws 3, fast metabolism 3, gourmand, regeneration 1,
shaggy fur 1, tough skin 2
a: Triple Draw, Renounce Religion, Evoke Berserk Rage


You were on level 7 of the Dungeon.
You worshipped Nemelex Xobeh.
Nemelex Xobeh was most pleased with you.
You were not hungry.

You visited 2 branches of the dungeon, and saw 8 of its levels.
You also visited: Sewer.

You collected 400 gold pieces.

Inventory:

Missiles
 o - 223 stones (quivered)
Armour
 a - a +1 robe
 H - a +2 robe (worn)
Jewellery
 p - a ring of poison resistance (left claw)
 D - an amulet of rage (around neck)
Wands
 i - a wand of random effects (22/48)
 y - a wand of paralysis (21/24)
Scrolls
 h - a scroll of blinking
 l - 5 scrolls of teleportation
 q - 4 scrolls of amnesia
 E - a scroll of fog
 G - a scroll of remove curse
 I - a scroll of immolation {unknown}
Potions
 d - a potion of flight {unknown}
 e - 2 potions of curing
 j - a potion of might {unknown}
 k - a potion of invisibility {unknown}
 m - 2 potions of heal wounds {unknown}
 n - a potion of ambrosia {unknown}
 r - a potion of agility {unknown}
 s - a potion of mutation {unknown}
 w - a potion of haste {unknown}
 x - a potion of lignification {unknown}
 C - a potion of cancellation {unknown}
Books
 t - a book of Cantrips

   Spells                             Type                      Level
   a - Confusing Touch                Hexes                        1
   b - Animate Skeleton               Necromancy                   1
   c - Summon Small Mammal            Summoning                    1
   d - Apportation                    Translocation                1
 v - a book of Conjurations

   Spells                             Type                      Level
   a - Magic Dart                     Conjuration                  1
   b - Searing Ray                    Conjuration                  2
   c - Dazzling Spray                 Conjuration/Hexes            3
   d - Fulminant Prism                Conjuration/Hexes            4
   e - Iskenderun's Mystic Blast      Conjuration                  4
   f - Iskenderun's Battlesphere      Conjuration/Charms           5
Miscellaneous
 c - a plain deck of summoning
 z - a plain deck of destruction
 A - a plain deck of summoning {drawn: 4}
 F - a plain deck of summoning
Comestibles
 b - 8 bread rations
 f - a royal jelly
 g - a meat ration
 u - 2 fruits


   Skills:
 + Level 4.1 Fighting
 + Level 1.5 Throwing
 + Level 4.9 Dodging
 + Level 3.7 Stealth
 + Level 10.7 Unarmed Combat
 + Level 0.2 Spellcasting
 + Level 0.2 Hexes
 + Level 0.1 Invocations


You had 7 spell levels left.
You knew the following spells:

 Your Spells              Type           Power        Failure   Level  Hunger
a - Confusing Touch       Hex            #.....       52%         1    ##.....


Dungeon Overview and Level Annotations

Branches:
Dungeon (7/15)             Temple (1/1) D:4

Altars:
Ashenzari
Cheibriados
Dithmenos
Elyvilon
Fedhas
Gozag
Hepliaklqana
Kikubaaqudgha
Nemelex Xobeh
Okawaru
Qazlal
Ru
Sif Muna
Trog
Uskayaw
Xom
Yredelemnul
Zin
The Shining One


Innate Abilities, Weirdness & Mutations

You are too large for most types of armour.
You have claws for hands.
Your metabolism is lightning-fast.
You like to eat raw meat.
Your natural rate of healing is unusually fast.
You are covered in fur. (AC +1)
You have very tough skin. (AC +2)


Message History

The lightning grounds out.
Evoke which item? (* to show all) (? for menu, Esc to quit)
You draw a card...
It is the Dance.
You are engulfed in a cloud of scalding steam.
* * * LOW HITPOINT WARNING * * *
The insubstantial wisp hits you.
* * * LOW HITPOINT WARNING * * *
The insubstantial wisp blinks!
Your insubstantial wisp blinks!
The insubstantial wisp closely misses you.
The insubstantial wisp hits you but does no damage.
The steam dragon breathes steam at you. The ball of steam misses you.
You are engulfed in a cloud of scalding steam.
* * * LOW HITPOINT WARNING * * *
The insubstantial wisp closely misses you.
The insubstantial wisp thrums sharply.
You are struck by lightning.
You die...
Your body glows with a rainbow of weird colours and disappears.

...≈≈v%#($.≈≈≈#. ###..#
..§v§..#.§≈≈...#
##.....
...#§§≈≈≈≈≈§§...#
.......
...§#≈≈≈≈≈≈§....##
.......
.........≈#vv....##
.......
#.................#
.......
........§##§......## .
.......
.......##§..(......##..
....... ##....#
##.§§v@§.....# .......
+..### #.D.vv§...###
....... ###
##..§§§§...# ###....
###.......# #####
##......# ####...#
#.### #..# ##.#


You could see a steam dragon, 4 insubstantial wisps, a friendly insubstantial
wisp and a friendly quarterstaff of venom.

Vanquished Creatures
  Pikel (D:7)
  A wraith (D:7)
  The ghost of lolicon the Twirler, an amateur MiGl (D:4)
  A hungry ghost (D:7)
  Menkaure (D:4)
  5 sky beasts
  A black bear (D:6)
  An ice beast (D:6)
  A phantom (D:4)
  4 ogres
  6 big kobolds (Sewer)
  5 wights (D:6)
  A howler monkey (D:6)
  A centaur zombie (D:6)
  2 crimson imps
  A bullfrog skeleton (D:5)
  2 centaur skeletons (D:4)
  An orc priest (D:4)
  A jelly (D:5)
  An iguana (D:4)
  An orc wizard (D:4)
  A worker ant (D:5)
  A hound zombie (D:5)
  Robin (D:3)
  3 gnolls (D:3)
  A howler monkey skeleton (D:5)
  9 adders
  4 river rats
  5 shadow imps
  8 oozes
  An adder zombie (D:5)
  3 worms (Sewer)
  2 leopard geckos
  5 orcs
  5 ball pythons
  4 giant cockroaches
  15 goblins
  9 hobgoblins
  9 jackals
  7 kobolds
  12 bats
  4 frilled lizards
  A quokka zombie (D:7)
  7 rats
156 creatures vanquished.

Vanquished Creatures (collateral kills)
  2 slaves (D:7)
  An orc wizard (D:7)
  2 orcs (D:7)
5 creatures vanquished.

Vanquished Creatures (others)
  An orc wizard (D:4)
  7 toadstools (D:1)
8 creatures vanquished.

Grand Total: 169 creatures vanquished

Notes
Turn   | Place    | Note
-------+----------+-------------------------------------------
     0 | D:1      | Kosschaser the Troll Monk began the quest for the Orb.
     0 | D:1      | Reached XP level 1. HP: 22/22 MP: 0/0
   243 | D:1      | Reached XP level 2. HP: 29/29 MP: 1/1
   732 | D:2      | You fall through a shaft!
  1008 | D:3      | Reached XP level 3. HP: 34/36 MP: 2/2
  1054 | D:3      | Reached skill level 4 in Unarmed Combat
  1059 | D:3      | Reached XP level 4. HP: 11/44 MP: 3/3
  1240 | D:3      | Noticed Robin
  1253 | D:3      | Killed Robin
  1312 | D:3      | Found a blossoming altar of Fedhas.
  1482 | D:3      | Noticed a hand axe
  1483 | D:3      | Noticed an enchanted dagger
  1483 | D:3      | Found a hide-covered altar of Uskayaw.
  1583 | D:4      | Reached XP level 5. HP: 48/52 MP: 4/4
  1592 | D:4      | Noticed lolicon's ghost (amateur MiGl)
  1633 | D:4      | Noticed an ogre
  1637 | D:4      | Killed an ogre
  1637 | D:4      | Reached skill level 5 in Unarmed Combat
  1660 | D:4      | Noticed Menkaure
  1668 | D:4      | Killed Menkaure
  1668 | D:4      | Reached XP level 6. HP: 35/61 MP: 5/5
  1831 | D:4      | Reached skill level 6 in Unarmed Combat
  1859 | D:4      | Reached XP level 7. HP: 55/67 MP: 6/6
  1952 | D:4      | Reached skill level 7 in Unarmed Combat
  2092 | D:4      | Killed lolicon's ghost
  2208 | D:4      | Found a staircase to the Ecumenical Temple.
  2332 | Temple   | Entered the Ecumenical Temple
  2395 | Temple   | Became a worshipper of Nemelex Xobeh the Trickster
  2395 | Temple   | Received a gift from Nemelex Xobeh
  2395 | Temple   | Reached * piety under Nemelex Xobeh
  2395 | Temple   | Received a gift from Nemelex Xobeh
  2395 | Temple   | Reached ** piety under Nemelex Xobeh
  2522 | D:5      | Entered Level 5 of the Dungeon
  2738 | D:5      | Reached XP level 8. HP: 71/75 MP: 7/7
  2908 | D:5      | Found a deep blue altar of Sif Muna.
  2993 | D:5      | Found a shattered altar of Ashenzari.
  2997 | D:5      | Saw a vision of the Shoals and the Snake Pit.
  2997 | D:5      | Noticed a black mamba
  2997 | D:5      | Noticed a siren
  2997 | D:5      | Noticed a hippogriff
  2997 | D:5      | Noticed a merfolk
  2997 | D:5      | Noticed a siren
  2997 | D:5      | Noticed a merfolk
  2998 | D:5      | Noticed a siren
  3002 | D:5      | Noticed a salamander
  3197 | D:5      | Received a gift from Nemelex Xobeh
  3207 | D:5      | Found a glowing drain.
  3217 | Sewer    | Entered a sewer
  3310 | Sewer    | Reached skill level 8 in Unarmed Combat
  3954 | D:6      | Reached skill level 9 in Unarmed Combat
  4147 | D:6      | Reached XP level 9. HP: 77/84 MP: 8/8
  4348 | D:6      | Found a shimmering altar of Xom.
  4356 | D:6      | Reached skill level 1 in Throwing
  4400 | D:6      | Reached *** piety under Nemelex Xobeh
  4408 | D:6      | Found a shadowy altar of Dithmenos.
  4408 | D:6      | Found an opulent altar of Gozag.
  4464 | D:6      | Reached skill level 10 in Unarmed Combat
  4565 | D:7      | Learned a level 1 spell: Confusing Touch
  4626 | D:7      | Received a gift from Nemelex Xobeh
  4682 | D:7      | Noticed Pikel
  4706 | D:7      | Killed Pikel
  4874 | D:7      | HP: 4/84 [insubstantial wisp[the player character] (3)]
  4875 | D:7      | Killed from afar by an insubstantial wisp

Skill      XL: |  1  2  3  4  5  6  7  8  9 |
---------------+----------------------------+-----
Unarmed Combat | 4 5 6 7 9 10 | 10.7
Fighting       | 3 4 |  4.1
Dodging        | 3 4 |  4.9
Stealth        | 2 3 |  3.7
Throwing       | 1 |  1.5
Spellcasting   | |  0.2
Hexes          | |  0.2
Invocations    | |  0.1

Action                   |  1- 3 |  4- 6 |  7- 9 || total
-------------------------+-------+-------+-------++-------
Melee: Unarmed           |    77 |    95 |   273 ||   445
       Punch             |     1 |     1 |    12 ||    14
Throw: Stone             |       |       |     7 ||     7
 Cast: Confusing Touch   |       |       |     3 ||     3
Evoke: Deck              |       |       |     4 ||     4
  Use: Scroll            |       |       |    10 ||    10
       Potion            |       |       |     1 ||     1
 Stab: Sleeping          |       |     3 |     9 ||    12
       Confused          |       |       |     2 ||     2
  Eat: Chunk             |    14 |     9 |    21 ||    44
       Meat ration       |       |       |     1 ||     1
       Fruit             |       |       |     2 ||     2
Armor: Robe              |    43 |    22 |   116 ||   181
Dodge: Dodged            |    38 |    37 |    83 ||   158
